 Dungeon Sprint DCSS version 0.31-a0-115-g4708a659fe (webtiles) character file.

Game seed: 1819371181372671361

500 gelatine the Cleaver (level 6, -9/76 HPs)
             Began as a Demonspawn Gladiator on May 29, 2023.
             Mangled by a wyvern (14 damage)
             ... in the Dungeon (Sprint II: "The Violet Keep of Menkaure").
             The game lasted 00:03:08 (215 turns).

gelatine the Cleaver (Demonspawn Gladiator)          Turns: 215, Time: 00:03:08

Health: -9/76      AC:  6    Str: 16    XL:     6   Next: 94%
Magic:  0/6        EV: 15    Int: 10    God:
Gold:   243        SH:  0    Dex: 14    Spells: 5/5 levels left

rFire   . . .        a - +0 war axe
rCold   . . .        (no shield)
rNeg    . . .        b - +0 leather armour
rPois   .            c - +0 helmet
rElec   .            (no cloak)
rCorr   .            (no gloves)
SInv    .            (no boots)
Will    .....        (no amulet) Stlth
                     (no ring)
HPRegen 0.32/turn    (no ring)
MPRegen 0.20/turn

%: no teleportation, guardian spirit
@: berserking, very quick
A: slimy green scales 1, magic shield, magic regeneration, demonic touch 1
a: no special abilities


You were in the Dungeon.
You visited 1 branch You collected 243 gold pieces.

Inventory:

Hand Weapons
 a - a +0 war axe (weapon)
Missiles
 e - a javelin (quivered)
Armour
 b - a +0 leather armour (worn)
 c - a +0 helmet (worn)
Scrolls
 k - a scroll of blinking
Potions
 h - a potion of haste
 i - 2 potions of magic


   Skills:
 * Level 5.4 Fighting
 * Level 8.9 Axes
 + Level 3.6 Throwing
 * Level 3.5 Armour
 * Level 7.8 Dodging
 * Level 3.9 Stealth


You had 5 spell levels left.
You didn't know any spells.
Your spell library was empty.

Dungeon Overview and Level Annotations

Branches:
Dungeon (1/1)

Altars:

Shops:
D :(?!=:*!*=[(=([

Annotations:
D exclusion: oklob plant


Innate Abilities, Weirdness & Mutations

You are partially covered in slimy green scales. (AC +2)
When hurt, damage is shared between your health and your magic reserves.
You regenerate magic rapidly.
Your touch may inflict minor irresistible damage on your foes.


Message History

2 wyverns come into view.
The wyvern hisses angrily.
There is an open door here.
You throw a throwing net. The throwing net hits the wyvern.
The wyvern is caught in the net!
The wyvern struggles against the net. x2
You slash the wyvern!
You touch the wyvern!
The wyvern is severely wounded.
The wyvern struggles against the net.
The net rips apart, and the wyvern comes free!
You hit the wyvern. Your touch misses the wyvern.
The wyvern is almost dead.
The wyvern hisses angrily.
The wyvern bites you. The wyvern bites you! The wyvern barely misses you.
You hit the wyvern.
You touch the wyvern.
You kill the wyvern!
You closely miss the wyvern.
The wyvern bites you but does no damage.
The wyvern barely misses you.
You completely miss the wyvern. The wyvern bites you!
You closely miss the wyvern. The wyvern closely misses you.
The wyvern misses you.
You slash the wyvern!
The wyvern is moderately wounded.
The wyvern completely misses you.
You hit the wyvern.
The wyvern is moderately wounded.
The wyvern bites you!
* * * LOW HITPOINT WARNING * * *
The wyvern bites you!
* * * LOW HITPOINT WARNING * * *
A red film seems to cover your vision as you go berserk!
You feel yourself moving faster!
You feel mighty! The wyvern barely misses you.
You barely miss the wyvern.
The wyvern is moderately wounded.
The wyvern bites you.
* * * LOW HITPOINT WARNING * * *
You slash the wyvern!
The wyvern is heavily wounded.
The wyvern bites you!
You die...

##########~~#''
#########~~~.~~
....∩.∩.#~~~~.#
...∩.∩..#~~~~## ##
..∩.∩...#~~~~#.#
#.#
.⌠.∩....#~~####l#.#
..∩.∩...#~##.###@#
...∩.∩..#~##..##.##
....∩.∩.'~'.##†.<.+
.....∩..#~##..##.##
▓▓▓▓▓▓###~##.###+#
)SD######~~### (.S#
##~~~ ∩P[+ +#~# ?$.
~~#


You could see a wyvern.

Vanquished Creatures
  A wyvern (D)
  Menkaure (D)
  A water moccasin (D)
  4 scorpions (D)
7 creatures vanquished.

Notes
Turn   | Place    | Note
-------+----------+-------------------------------------------
     0 | D        | gelatine the Demonspawn Gladiator began the quest for the
                  | Orb.
     0 | D        | Reached XP level 1. HP: 16/16 MP: 1/1
     1 | D        | Noticed a scorpion
     1 | D        | Noticed a scorpion
     1 | D        | Noticed a scorpion
     1 | D        | Noticed a scorpion
    17 | D        | Killed a scorpion
    18 | D        | Reached skill level 5 in Axes
    18 | D        | Gained mutation: You regenerate magic rapidly. [demonic
                  | ancestry]
    18 | D        | Reached XP level 2. HP: 9/24 MP: 2/2
    18 | D        | Reached XP level 3. HP: 10/29 MP: 3/3
    22 | D        | Killed a scorpion
    23 | D        | Reached skill level 6 in Axes
    23 | D        | Reached skill level 1 in Armour
    23 | D        | Reached skill level 5 in Dodging
    23 | D        | Reached skill level 1 in Stealth
    23 | D        | Gained mutation: Your touch may inflict minor irresistible
                  | damage on your foes. [demonic ancestry]
    23 | D        | Reached XP level 4. HP: 9/35 MP: 4/4
    28 | D        | Killed a scorpion
    29 | D        | Gained mutation: You are partially covered in slimy green
                  | scales. (AC +2) [demonic ancestry]
    29 | D        | Reached XP level 5. HP: 18/42 MP: 5/5
    33 | D        | Reached skill level 7 in Axes
   134 | D        | Found Ystelimi's Jewellery Boutique.
   134 | D        | Found Fopp's Antique Weapon Shop.
   134 | D        | Found Hoezuc's Assorted Antiques.
   134 | D        | Found Fuitze's Distillery.
   134 | D        | Found Zugu's Antique Armour Shop.
   134 | D        | Found Hudihyut's General Store.
   135 | D        | Found Cotis's Book Boutique.
   135 | D        | Found Owuvvaphagh's Jewellery Shop.
   135 | D        | Found Ussus's Distillery.
   135 | D        | Found Nesmor's Antique Weapon Shop.
   136 | D        | Found Jakytaoli's Magic Scroll Shop.
   136 | D        | Found Kesuh's Weapon Boutique.
   136 | D        | Noticed Menkaure
   137 | D        | Found Leterall's Antique Armour Boutique.
   137 | D        | Found Kurchesch's Jewellery Shop.
   137 | D        | Noticed a water moccasin
   137 | D        | Noticed a water moccasin
   157 | D        | Killed Menkaure
   162 | D        | Killed a water moccasin
   163 | D        | Reached skill level 5 in Fighting
   163 | D        | Reached skill level 8 in Axes
   163 | D        | Gained mutation: When hurt, damage is shared between your
                  | health and your magic reserves. [demonic ancestry]
   163 | D        | Reached XP level 6. HP: 44/51 MP: 6/6
   166 | D        | Noticed a water moccasin
   166 | D        | Noticed a water moccasin
   166 | D        | Noticed an oklob plant
   167 | D        | Found Gijiesax's Book Shoppe.
   169 | D        | Noticed an ice dragon
   203 | D        | Noticed a wyvern
   203 | D        | Noticed a wyvern
   208 | D        | Killed a wyvern
   215 | D        | Mangled by a wyvern

Illustrated notes

Levels and vault maps discovered:
D:        the_violet_keep_of_menkaure [sprint2_stairs_cluster_1,
          sprint2_shoproom, sprint2_temple, sprint2_basic_supplies,
          sprint2_obstacle_5, sprint2_obstacle_2, sprint2_obstacle_6,
          sprint2_obstacle_7, sprint2_obstacle_3, sprint2_timed_cluster_1,
          sprint2_smallroom_cluster_1, sprint2_smallroom_final_cluster_1,
          sprint2_transparent_cluster_1, sprint2_second_timed_cluster_1,
          sprint2_sniper_area_1, sprint2_heavy_combat_area_1,
          sprint2_mutation_trap_area_1, sprint2_forest_area_1,
          sprint2_light_combat_area_1, sprint2_behind_water_1,
          sprint2_near_end_vault_1]

Skill      XL: |  1  2  3  4  5 |
---------------+----------------+-----
Fighting       | 3 4 5 |  5.4
Axes           | 5 6 8 |  8.9
Throwing       | 2 3 |  3.6
Dodging        | 4 5 6 7 |  7.8
Armour         | 1 2 3 |  3.5
Stealth        | 1 2 3 |  3.9

Action                     |  1- 3 |  4- 6 || total
---------------------------+-------+-------++-------
  Melee: War axe           |    16 |    23 ||    39
         Touch             |       |     3 ||     3
  Throw: Throwing net      |     3 |     2 ||     5
         Javelin           |     1 |     1 ||     2
    Use: Potion            |     1 |     2 ||     3
 Armour: Leather armour    |     2 |     4 ||     6
  Dodge: Dodged            |    11 |    15 ||    26

Table legend: (Time is in decaauts)
 A = Elapsed time spent in this place.
 B = Non-inter-level travel time spent in this place.
 C = Inter-level travel time spent in this place.
 D = Time resting spent in this place.
 E = Time spent auto-exploring this place.
 F = Levels seen in this place.
 G = Mean time per level.
                   A        B        C        D        E       F      G
               +--------+--------+--------+--------+--------+-----+--------+
         Total |    226 |    226 |      0 |      0 |    104 |   1 |  226.0 |
       Dungeon |    226 |    226 |      0 |      0 |    104 |   1 |  226.0 |
               +--------+--------+--------+--------+--------+-----+--------+

Top non-repeatable levels by time:
       D: 226 daAuts
